 Dungeon Crawl Stone Soup version 0.27.1-33-g824d729ab1 (webtiles) character file.

Game seed: 15413502265580516281

77 SensoryNuts the Covered (level 4, -10/35 HPs)
             Began as a Demonspawn Fighter on Dec 11, 2021.
             Killed by divine providence
             ... invoked by an orc priest
              (12 damage)
             ... on level 3 of the Dungeon.
             The game lasted 00:03:28 (2363 turns).

SensoryNuts the Covered (Demonspawn Fighter)        Turns: 2363, Time: 00:03:28

Health: -10/35     AC:  6    Str: 16 (17) XL:     4   Next: 14%
Magic:  4/4        EV:  7    Int: 10 (11) God:
Gold:   140        SH: 14    Dex: 13      Spells: 3/3 levels left

rFire    . . .     SeeInvis .   a - +1 long sword
rCold    . . .     Faith    .   c - +1 kite shield
rNeg     . . .     Spirit   .   b - +0 scale mail
rPois    .         Reflect  .   (no helmet)
rElec    .         Harm     .   (no cloak)
rCorr    .         Rampage  .   (no gloves)
Will     +....                  (no boots)
Stlth    ..........             (no amulet)
HPRegen  0.11/turn              (no ring)
MPRegen  0.18/turn              (no ring)

@: mighty
A: magic regeneration, condensation shield, clever 1, strong-willed 1
a: no special abilities


You were on level 3 of the Dungeon.
You visited 1 branch of the dungeon, and saw 3 of its levels.

You collected 140 gold pieces.

Inventory:

Hand Weapons
 a - a +1 long sword (weapon)
Armour
 b - a +0 scale mail (worn)
 c - a +1 kite shield (worn)
Scrolls
 e - a scroll of amnesia
 f - a scroll of blinking
Potions
 g - a potion of curing


   Skills:
 + Level 3.1 Fighting
 + Level 2.6 Long Blades
 + Level 3.5 Armour
 + Level 0.3 Dodging
 + Level 3.2 Shields


You had 3 spell levels left.
You didn't know any spells.
Your spell library was empty.

Dungeon Overview and Level Annotations

Branches:
Dungeon (3/15)

Altars:


Innate Abilities, Weirdness & Mutations

You regenerate magic rapidly.
A meltable shield of frost defends you. (SH +4)
Your mind is acute. (Int +2)
You are strong-willed. (Will+)


Message History

Your frilled lizard closely misses the kobold.
You swap places.
The orc priest invokes the aid of Beogh against you.
Beogh smites you!
The kobold hits your frilled lizard with a +0 short sword.
Your frilled lizard barely misses the kobold.
The kobold closely misses your frilled lizard.
Your frilled lizard bites the kobold but does no damage.
The kobold completely misses your frilled lizard.
Your frilled lizard completely misses the kobold.
The kobold barely misses your frilled lizard.
Your frilled lizard bites the kobold.
The orc priest looks satisfied for a moment.
The kobold hits your frilled lizard with a +0 short sword.
Your frilled lizard dies!
Your frilled lizard's corpse dissolves into shadows!
The kobold hits your endoplasm with a +0 short sword.
Your endoplasm freezes the kobold.
The kobold is frozen.
The kobold dies!
Your endoplasm hits the orc but does no damage.
Your endoplasm hits the orc but does no damage.
The orc hits your endoplasm with a +0 hand axe!
Your endoplasm dies!
Your endoplasm dissolves into shadows!
You feel very mighty all of a sudden. The orc hits you with a +0 hand axe.
You barely miss the orc. You block the orc's attack.
The orc hits you with a +0 hand axe.
You completely miss the orc. You block the orc's attack.
The orc priest mumbles some strange prayers to Beogh against you.
Beogh smites you!
* * * LOW HITPOINT WARNING * * *
You slash the orc!
You kill the orc!
You hit the orc.
The orc is lightly wounded.
The orc priest invokes the aid of Beogh against you.
Beogh smites you!
You die...

#....# ###....####
#.........# #.........#
#.........# #.........#
#.........# .
#+##########....(....#
.g..####o)go@.....'.........)
...g.oggg##########.........#
....oo##.# ########### ....o
#.# .... #.# ... #.# ## #.#
#.. ##


You could see an orc priest, 3 orcs, 2 hobgoblins and 2 goblins.

Vanquished Creatures
  2 adders
  2 worms
  A dart slug (D:1)
  2 orcs (D:3)
  2 endoplasms (D:1)
  4 giant cockroaches
  6 goblins
  3 hobgoblins (D:1)
  3 jackals (D:1)
  2 quokkas (D:1)
  6 ball pythons
  6 bats
  3 frilled lizards (D:1)
  2 kobolds
  2 rats (D:1)
46 creatures vanquished.

Vanquished Creatures (collateral kills)
  A kobold (D:3)
1 creature vanquished.

Grand Total: 47 creatures vanquished

Notes
Turn   | Place    | Note
-------+----------+-------------------------------------------
     0 | D:1      | SensoryNuts the Demonspawn Fighter began the quest for the
                  | Orb.
     0 | D:1      | Reached XP level 1. HP: 18/18 MP: 1/1
     6 | D:1      | Noticed a redback
     6 | D:1      | Noticed a lindwurm
     6 | D:1      | Noticed a wyvern
     7 | D:1      | Noticed a hound
     7 | D:1      | Noticed a salamander
   203 | D:1      | Gained mutation: A meltable shield of frost defends you.
                  | (SH +4) [demonic ancestry]
   203 | D:1      | Reached XP level 2. HP: 21/24 MP: 2/2
   263 | D:1      | Gained mutation: You are strong-willed. (Will+) [potion of
                  | mutation]
   263 | D:1      | Gained mutation: Your mind is acute. (Int +2) [potion of
                  | mutation]
   517 | D:1      | Found a faded altar of an unknown god.
   885 | D:1      | Reached XP level 3. HP: 29/29 MP: 3/3
  2180 | D:3      | Gained mutation: You regenerate magic rapidly. [demonic
                  | ancestry]
  2180 | D:3      | Reached XP level 4. HP: 26/35 MP: 4/4
  2361 | D:3      | HP: 1/35 [orc priest/divine providence (14)]
  2363 | D:3      | Killed from afar by an orc priest

Illustrated notes

Levels and vault maps discovered:
D:1:      onia_arrival_zoo_common, layout_rooms,
          shapermc_ecumenical_altar_mp_vishouse, minmay_heptomino_l4
D:2:      layout_loops_ring
D:3:      layout_basic, nicolae_ru_great_annihilating_truth, uniq_robin,
          uniq_jessica, uniq_natasha

Skill      XL: |  1  2  3 |
---------------+----------+-----
Long Blades    | 2 |  2.6
Armour         | 3 |  3.5
Shields        | 3 |  3.2
Fighting       | |  3.1
Dodging        | |  0.3

Action                   |  1- 3 |  4- 6 || total
-------------------------+-------+-------++-------
Melee: Long sword        |   151 |    10 ||   161
  Use: Potion            |     6 |     1 ||     7
       Scroll            |     6 |     1 ||     7
Armor: Scale mail        |    63 |     3 ||    66
Dodge: Dodged            |    39 |     1 ||    40
Block: Kite shield       |   113 |     3 ||   116
       Rpst.: Long sword |    13 |     1 ||    14
